 Dungeon Crawl Stone Soup version 0.29-a0-330-g52719c12eb (webtiles) character file.

Game seed: 2520704542713108518

97 v38m2y69t the Skirmisher (level 4, 35/35 HPs)
             Began as a Palentonga Fighter on Apr 26, 2022.
             Was a Follower of Hepliaklqana.
             Quit the game on level 2 of the Dungeon.
             The game lasted 00:11:36 (1396 turns).

v38m2y69t the Skirmisher (Palentonga Fighter)       Turns: 1396, Time: 00:11:36

Health: 35/35      AC:  6    Str: 19    XL:     4   Next: 42%
Magic:  4/4        EV:  7    Int:  8    God:    Hepliaklqana [*.....]
Gold:   66         SH:  4    Dex: 12    Spells: 2/3 levels left

rFire   + . .      SeeInvis +   a - +0 war axe
rCold   x . .      Faith    .   c - +0 buckler
rNeg    . . .      Spirit   .   b - +0 scale mail
rPois   .          Reflect  .   (no helmet)
rElec   .          Harm     .   (no cloak)
rCorr   .          Rampage  .   (no gloves)
Will    .....                   (no barding)
Stlth   ..........              (no amulet)
HPRegen 0.11/turn               e - ring of fire
MPRegen 0.09/turn               (no ring)

@: no status effects
A: reduced essence, large, rugged brown scales 3, see invisible, deformed body,
roll 1, armoured tail
a: Rolling Charge, Renounce Religion, Recall Ancestor, Ancestor Identity


You were on level 2 of the Dungeon.
You worshipped Hepliaklqana.
Hepliaklqana was aware of your devotion.
You visited 1 branch of the dungeon, and saw 2 of its levels.

You collected 66 gold pieces.

Inventory:

Hand Weapons
 a - a +0 war axe (weapon)
 n - a +0 war axe
Missiles
 g - 4 throwing nets
Armour
 b - a +0 scale mail (worn)
 c - a +0 buckler (worn)
Jewellery
 e - a ring of fire (left hand)
Scrolls
 i - a scroll of identify {unknown}
 l - 3 scrolls of amnesia {unknown}
 o - a scroll of teleportation {unknown}
 p - 2 scrolls of fear {unknown}
Potions
 d - a potion of might
 f - a potion of degeneration {unknown}
 h - 2 potions of brilliance {unknown}
 j - a potion of haste {unknown}
 k - 5 potions of heal wounds {unknown}
 m - 3 potions of curing {unknown}
 q - 2 potions of cancellation {unknown}


   Skills:
 + Level 3.7 Fighting
 + Level 3.0 Axes
 + Level 3.2 Armour
 + Level 0.1 Dodging
 + Level 2.6 Shields


You had 2 spell levels left.
You knew the following spells:

 Your Spells              Type           Power      Damage    Failure   Level
a - Sting                 Tmut/Pois      0%         1d3       85%         1

Your spell library contained the following spells:

 Spells                   Type           Power      Damage    Failure   Level
 Sandblast                Erth           0%         2d4       85%         1
 Corpse Rot               Necr/Air       0%         N/A       94%         2
 Poisonous Vapours        Pois/Air       0%         N/A       94%         2
 Olgreb's Toxic Radiance  Pois           0%         N/A       100%        4
 Borgnjor's Revivificati  Necr           0%         N/A       100%        8
 Necromutation            Tmut/Necr      0%         N/A       100%        8
 Death's Door             Necr           0%         N/A       100%        9


Dungeon Overview and Level Annotations

Branches:
Dungeon (2/15)

Altars:
Hepliaklqana


Innate Abilities, Weirdness & Mutations

Your life essence is reduced to manifest your ancestor. (-10% HP)
You are completely covered in rugged brown scales. (AC +3, +7% HP)
You have supernaturally acute eyesight. (SInv)
Armour fits poorly on your strangely shaped body.
You can roll at nearby foes to attack.
You have a long armoured tail.


Message History

The frilled lizard bites you but does no damage.
You closely miss the frilled lizard. You block the frilled lizard's attack.
You miss the frilled lizard.
The frilled lizard bites you but does no damage.
You barely miss the frilled lizard. You tail-slap the frilled lizard.
You kill the frilled lizard!
You pick up a book of Vapours and begin reading...
You add the spell Corpse Rot to your library.
You pick up Plato's Almanac of Stones and begin reading...
You add the spell Sandblast to your library.
There is a faded altar of an unknown god here.
There is a faded altar of an unknown god here.
Unknown command.
Press < or > to pray at altars.
You cannot tell which god this altar belongs to.
Convert to them anyway?
Uppercase [Y]es or [N]o only, please.
You cannot tell which god this altar belongs to.
Convert to them anyway?
Hepliaklqana accepts your prayer! Hepliaklqana welcomes you!
Hepliaklqana forms a fragment of your life essence into the memory of your ancestor, Xochitl!
You can now recall your ancestor.
You can now remember your ancestor's identity.
Welcome back, v38m2y69t the Palentonga Fighter.
Hepliaklqana says: Your past becomes your present!
Press ? for a list of commands and other information.
You are caught in the web!
There is a web here.
You struggle to detach yourself from the web.
You disentangle yourself.
You swap places.
You see here a frilled lizard corpse.
You pick your way through the web.
Xochitl passes through a web.
There is a web here.
Xochitl passes through a web.
Char dumped successfully.
Save game and exit?
Okay, then.
Char dumped successfully.
Are you sure you want to abandon this character and quit the game? (Confirm with "yes".)

##........## #..........#
#..........# #......8...#
#..........# #..........#
#########........##########
##......##..................
##.........R@.......########.
#..^##...#..............# #.
#..^..#.............###.# ##.
#...##.#............# #.###[.
#.....#.#...........# #..#..#
#..†##.#.#.........### #...##
#..^.#.#.#.#.......).####..##
#..._# #.#.#########...≈....#
#....#.#.#.# #..≈≈≈....


You could see the friendly Xochitl the ancestor.

Vanquished Creatures
  A jelly (D:2)
  A hound skeleton (D:2)
  A worm (D:2)
  A dart slug (D:2)
  4 ball pythons
  2 endoplasms (D:2)
  2 giant cockroaches
  4 goblins
  6 hobgoblins
  10 jackals
  A quokka (D:1)
  2 ball python skeletons (D:2)
  A bat (D:1)
  A frilled lizard (D:2)
  A kobold (D:1)
  4 rats
42 creatures vanquished.

Vanquished Creatures (others)
  4 fungi (D:2)
  3 plants (D:2)
  4 withered plants (D:2)
11 creatures vanquished.

Grand Total: 53 creatures vanquished

Notes
Turn   | Place    | Note
-------+----------+-------------------------------------------
     0 | D:1      | v38m2y69t the Palentonga Fighter began the quest for the
                  | Orb.
     0 | D:1      | Reached XP level 1. HP: 19/19 MP: 1/1
   189 | D:1      | Reached XP level 2. HP: 24/25 MP: 2/2
   840 | D:2      | Reached XP level 3. HP: 24/31 MP: 3/3
   989 | D:2      | Reached XP level 4. HP: 15/37 MP: 4/4
  1238 | D:2      | Learned a level 1 spell: Sting
  1356 | D:2      | Found a faded altar of an unknown god.
  1373 | D:2      | Got Plato's Almanac of Stones
  1376 | D:2      | Prayed at the altar of an unknown god.
  1376 | D:2      | Became a worshipper of Hepliaklqana the Forgotten
  1376 | D:2      | Reached * piety under Hepliaklqana
  1396 | D:2      | Quit the game

Illustrated notes

Levels and vault maps discovered:
D:1:      tarquinn_simple_flora_water_e, layout_loops_cross
D:2:      layout_rooms, serial_undead, serial_undead_f, serial_undead_f,
          serial_undead_d, serial_undead_f, shapermc_ecumenical_altar_rom_forum

Skill      XL: |  1  2  3  4 |
---------------+-------------+-----
Armour         | 3 |  3.2
Axes           | 3 |  3.0
Fighting       | |  3.7
Dodging        | |  0.1
Shields        | |  2.6

Action                   |  1- 3 |  4- 6 || total
-------------------------+-------+-------++-------
Melee: War axe           |    65 |    33 ||    98
       Tailslap          |    12 |     5 ||    17
 Abil: Rolling Charge    |     3 |       ||     3
Armor: Scale mail        |    43 |    13 ||    56
Dodge: Dodged            |    19 |    11 ||    30
Block: Buckler           |    13 |     6 ||    19

Table legend: (Time is in decaauts)
 A = Elapsed time spent in this place.
 B = Non-inter-level travel time spent in this place.
 C = Inter-level travel time spent in this place.
 D = Time resting spent in this place.
 E = Time spent auto-exploring this place.
 F = Levels seen in this place.
 G = Mean time per level.
                   A        B        C        D        E       F      G
               +--------+--------+--------+--------+--------+-----+--------+
         Total |   1437 |   1414 |     23 |    149 |    690 |   2 |  718.5 |
       Dungeon |   1437 |   1414 |     23 |    149 |    690 |   2 |  718.5 |
               +--------+--------+--------+--------+--------+-----+--------+

Top non-repeatable levels by time:
     D:1: 852 daAuts
     D:2: 584 daAuts
